 Dungeon Crawl Stone Soup version 0.22.1-2-g9c5b331383 (webtiles) character file.

92 Knicklaso the Magician (level 4, -11/32 HPs)
             Began as a Demonspawn Wizard on Nov 25, 2018.
             Killed by divine providence
             ... invoked by an orc priest
              (15 damage)
             ... on level 3 of the Dungeon.
             The game lasted 00:05:46 (2416 turns).

Knicklaso the Magician (Demonspawn Wizard)          Turns: 2416, Time: 00:05:47

Health: -11/32     AC:  4    Str: 12    XL:     4   Next: 35%
Magic:  1/8        EV: 17    Int: 20    God:
Gold:   181        SH:  0    Dex: 17    Spells: 3/9 levels left

rFire    . . .     SeeInvis .   e - +0 short sword
rCold    . . .     Gourm    .   (no shield)
rNeg     . . .     Faith    .   a - +0 robe
rPois    .         Spirit   .   b - +0 hat
rElec    .         Reflect  .   (no cloak)
rCorr    .         Harm     .   (no gloves)
MR       .....                  (no boots)
Stlth    +++.......             (no amulet)
HPRegen  0.10/turn              (no ring)
MPRegen  0.11/turn              (no ring)

@: mighty, agile, lethally poisoned (-11 -> -12)
A: antennae 1, slimy green scales 1, demonic guardian 1
a: no special abilities


You were on level 3 of the Dungeon.
You were not hungry.

You visited 1 branch of the dungeon, and saw 3 of its levels.

You collected 181 gold pieces.

Inventory:

Hand Weapons
 e - a +0 short sword (weapon)
Armour
 a - a +0 robe (worn)
 b - a +0 hat (worn)
Jewellery
 c - a cursed ring of attention {unknown}
Scrolls
 f - a scroll of amnesia {unknown}
 g - 5 scrolls of identify {unknown}
 h - a scroll of blinking {unknown}
 i - a scroll of magic mapping {unknown}
 k - 2 scrolls of remove curse {unknown}
 l - 2 scrolls of teleportation {unknown}
 m - 2 scrolls of fear {unknown}
 o - 3 scrolls of enchant weapon {unknown}
Potions
 n - a potion of might
Comestibles
 d - 7 rations
 p - 4 chunks of flesh


   Skills:
 + Level 1.5 Fighting
 - Level 1.7 Dodging
 - Level 1.7 Stealth
 - Level 3.1 Spellcasting
 * Level 2.2 Conjurations
 + Level 2.1 Summonings
   Level 0.8 Translocations
 * Level 1.1 Air Magic
 * Level 1.0 Poison Magic


You had 3 spell levels left.
You knew the following spells:

 Your Spells              Type           Power        Failure   Level  Hunger
a - Magic Dart            Conj           ##..         5%          1    None
b - Mephitic Cloud        Conj/Pois/Air  #.......     22%         3    ###....
d - Call Imp              Summ           ##......     9%          2    ##.....

Your spell library contained the following spells:

 Spells                   Type           Power        Failure   Level  Hunger
 Blink                    Tloc           N/A          16%         2    ##.....
 Slow                     Hex            #.......     22%         2    ##.....
 Conjure Flame            Conj/Fire      #.......     26%         3    ###....


Dungeon Overview and Level Annotations

Branches:
Dungeon (3/15)

Altars:
Elyvilon
Trog


Innate Abilities, Weirdness & Mutations

You have a pair of small antennae on your head.
You are partially covered in slimy green scales. (AC +2)
A weak demonic guardian rushes to your aid.


Message History

Press: ? - help, Shift-Dir - straight line, f/p - orc priest
Aim: an orc priest, wielding a trident and wearing a chain mail (severely The magic dart hits the orc priest.
The orc priest is severely wounded.
The orc priest hits you from afar with a trident.
Casting: Magic Dart (safe; 5% risk of failure)
Confirm with . or Enter, or press ? or * to list all spells.
You don't have enough magic to cast that spell.
You feel sick.
The orc priest mumbles some strange prayers to Beogh against you.
Pain shoots through your body!
* * * LOW HITPOINT WARNING * * *
It was a potion of might.
You feel very mighty all of a sudden.
It was a potion of agility.
You feel agile all of a sudden.
You feel sick. The orc priest completely misses you.
The orc priest mumbles some strange prayers to Beogh against you.
Beogh smites you!
You die...

..#.#....... ..#.#..# #.#
....#..###.. ...)....##.#
#############.o. (.###...##.#
#.†..(.#.o..o.# ....†...##.#
##.####.#.# .####......#
##..##...).# .#
##...#####..o##.#.### .# #...#
#...@.).....# .# #...#
##...÷......#
.#####...####...........#
.......................†#
..............................#
#........).............##.....#
######...####..........# .....#
#####.....# ######.###.# #####
##........# #.# #.#


You could see an orc priest.

Vanquished Creatures
  2 adders
  3 dart slugs
  3 orcs (D:3)
  11 bats
  6 giant cockroaches
  6 goblins
  6 hobgoblins
  A frilled lizard (D:2)
  4 kobolds
  2 rats
44 creatures vanquished.

Vanquished Creatures (collateral kills)
  Natasha (D:3)
  An adder (D:2)
  A leopard gecko (D:3)
  A kobold (D:3)
4 creatures vanquished.

Grand Total: 48 creatures vanquished

Notes
Turn   | Place    | Note
-------+----------+-------------------------------------------
     0 | D:1      | Knicklaso the Demonspawn Wizard began the quest for the
                  | Orb.
     0 | D:1      | Reached XP level 1. HP: 13/13 MP: 4/4
   383 | D:1      | Gained mutation: A weak demonic guardian rushes to your
                  | aid. [demonic ancestry]
   383 | D:1      | Reached XP level 2. HP: 20/20 MP: 0/6
   443 | D:1      | Learned a level 2 spell: Call Imp
  1020 | D:2      | Reached skill level 1 in Fighting
  1285 | D:2      | Gained mutation: You have a pair of small antennae on your
                  | head. [demonic ancestry]
  1285 | D:2      | Reached XP level 3. HP: 20/26 MP: 0/7
  1350 | D:2      | Learned a level 3 spell: Mephitic Cloud
  2099 | D:3      | Noticed Natasha
  2113 | D:3      | Killed Natasha
  2113 | D:3      | Gained mutation: You are partially covered in slimy green
                  | scales. (AC +2) [demonic ancestry]
  2113 | D:3      | Reached XP level 4. HP: 32/32 MP: 6/8
  2126 | D:3      | Found a bloodstained altar of Trog.
  2202 | D:3      | Reached skill level 1 in Air Magic
  2227 | D:3      | Found a white marble altar of Elyvilon.
  2396 | D:3      | Reached skill level 1 in Poison Magic
  2416 | D:3      | Killed from afar by an orc priest

Skill      XL: |  1  2  3  4 |
---------------+-------------+-----
Fighting       | 1 |  1.5
Summonings     | 2 |  2.1
Conjurations   | 2 |  2.2
Air Magic      | 1 |  1.1
Poison Magic   | 1 |  1.0
Dodging        | |  1.7
Stealth        | |  1.7
Spellcasting   | |  3.1
Translocations | |  0.8

Action                   |  1- 3 |  4- 6 || total
-------------------------+-------+-------++-------
Melee: Short sword       |    13 |    12 ||    25
 Cast: Magic Dart        |    90 |    27 ||   117
       Call Imp          |     3 |       ||     3
       Mephitic Cloud    |       |     1 ||     1
  Use: Potion            |       |     2 ||     2
 Stab: Confused          |       |     1 ||     1
  Eat: Chunk             |     3 |     2 ||     5
Armor: Robe              |     5 |     8 ||    13
Dodge: Dodged            |    21 |    12 ||    33
